TOP OF THE 1ST |
Las Vegas Stars batting - Pitching for Santa Monica Bruins : RHP Armand Calazzo
|
Pitching: RHP Armand Calazzo
|
|
Batting: SHB Júlio Salazar
|
0-0: Ball 1-0: Called Strike 1-1: Foul Ball, location: 2F 1-2: SINGLE (Groundball, 4) (infield hit)
|
Batting: RHB Pedro Mata
|
0-0: Called Strike 0-1: Ball 1-1: Ball 2-1: SINGLE (Flyball, 8LS) Júlio Salazar to second Throwing error, E8 Júlio Salazar scores Pedro Mata to second
|
Batting: LHB Paco Rivera
|
0-0: Ball 1-0: Ball 2-0: Ground out 5-3 (Groundball, 56)
|
Batting: SHB Sloan James
|
0-0: Ball 1-0: Fly out, F8 (Flyball, 8RD) Runner from 2nd tags up, SAFE at 3rd, no throw
|
Batting: LHB Clint Parkinson
|
0-0: Swinging Strike 0-1: Foul Ball, location: 2F 0-2: Foul Ball, location: 2F 0-2: Ball 1-2: Foul Ball, location: 2F 1-2: Foul Ball, location: 2F 1-2: Ground out 4-3 (Groundball, 4M)
|
Top of the 1st over - 1 run(s), 2 hit(s), 1 error(s), 1 left on base; Las Vegas 1 - Santa Monica 0 |
BOTTOM OF THE 1ST |
Santa Monica Bruins batting - Pitching for Las Vegas Stars : RHP Dema Mitenkov
|
Pitching: RHP Dema Mitenkov
|
|
Batting: RHB Ernest Russell
|
0-0: Ground out 5-3 (Groundball, 56)
|
Batting: LHB Ethan Shaw
|
0-0: Ball 1-0: Ball 2-0: Foul Ball, location: 2F 2-1: Called Strike 2-2: Ball 3-2: Foul Ball, location: 2F 3-2: Base on Balls
|
Batting: SHB Zach Franks
|
0-0: Ball 1-0: Ball 2-0: Foul Ball, location: 2F 2-1: Foul Ball, location: 2F 2-2: Ball 3-2: Base on Balls Ethan Shaw to second
|
Batting: LHB Ken Phillips
|
0-0: Called Strike 0-1: SINGLE (Groundball, 4M) (infield hit) Ethan Shaw to third Zach Franks to second
|
Batting: SHB Ken Hernández
|
0-0: SINGLE (Groundball, 6MD) Ethan Shaw scores Zach Franks to third Ken Phillips to second Runner from 3rd tries for Home, SAFE, throw made home Ken Phillips to third Ken Hernández to second
|
Batting: RHB Jake Reeves
|
0-0: Ball 1-0: Ball 2-0: Ball 3-0: Called Strike 3-1: Called Strike 3-2: Base on Balls
|
Batting: SHB Adrián Nieto
|
0-0: Ground out 3-1 (Groundball, 34D) Ken Phillips scores Ken Hernández to third Jake Reeves to second
|
Batting: RHB Pablo Peña
|
0-0: Fly out, F6 (Popup, 6MS)
|
Bottom of the 1st over - 3 run(s), 2 hit(s), 0 error(s), 2 left on base; Las Vegas 1 - Santa Monica 3 |
TOP OF THE 2ND |
Las Vegas Stars batting - Pitching for Santa Monica Bruins : RHP Armand Calazzo
|
Batting: RHB Brandon Pope
|
0-0: Called Strike 0-1: Ball 1-1: Ball 2-1: Ball 3-1: Base on Balls
|
Batting: RHB Jonathan MacVey
|
0-0: DOUBLE (Groundball, 3L) Brandon Pope to third
|
Batting: LHB Nathan Frey
|
0-0: Called Strike 0-1: Ball 1-1: Ball 2-1: Ground out 4-3 (Groundball, 4) Brandon Pope scores Jonathan MacVey to third
|
Batting: RHB Bobby Miller
|
0-0: Fly out, F7 (Flyball, 7S)
|
Batting: SHB Júlio Salazar
|
0-0: SINGLE (Flyball, 8LS) Jonathan MacVey scores
|
Batting: RHB Pedro Mata
|
0-0: Fielders Choice at 2nd, U6 (Groundball, 6M)
|
Top of the 2nd over - 2 run(s), 2 hit(s), 0 error(s), 1 left on base; Las Vegas 3 - Santa Monica 3 |
BOTTOM OF THE 2ND |
Santa Monica Bruins batting - Pitching for Las Vegas Stars : RHP Dema Mitenkov
|
Batting: RHB Fred Ameris
|
0-0: Called Strike 0-1: Ball 1-1: Ball 2-1: Ball 3-1: Base on Balls
|
Batting: RHB Ernest Russell
|
0-0: Ball 1-0: Called Strike 1-1: Ball 2-1: Ball 3-1: Foul Ball, location: 2F 3-2: Fly out, F4 (Popup, 4)
|
Batting: LHB Ethan Shaw
|
0-0: Ball 1-0: Ball 2-0: Called Strike 2-1: Ball 3-1: Called Strike 3-2: Fielders Choice at 2nd, 1-4 (Groundball, 15S)
|
Batting: SHB Zach Franks
|
0-0: Ball 1-0: Ball 2-0: Called Strike 2-1: Foul Ball, location: 2F 2-2: Ball 3-2: Foul Ball, location: 2F 3-2: Strikes out swinging
|
Bottom of the 2nd over - 0 run(s), 0 hit(s), 0 error(s), 1 left on base; Las Vegas 3 - Santa Monica 3 |
TOP OF THE 3RD |
Las Vegas Stars batting - Pitching for Santa Monica Bruins : RHP Armand Calazzo
|
Batting: LHB Paco Rivera
|
0-0: DOUBLE (Groundball, 5L)
|
Batting: SHB Sloan James
|
0-0: Ball 1-0: Ball 2-0: Swinging Strike 2-1: Foul Ball, location: 2F 2-2: Strikes out swinging
|
Batting: LHB Clint Parkinson
|
0-0: Ball 1-0: Ball 2-0: Ball 3-0: Base on Balls
|
Batting: RHB Brandon Pope
|
0-0: Called Strike 0-1: Ball 1-1: Ball 2-1: Ball 3-1: Base on Balls Paco Rivera to third Clint Parkinson to second
|
Batting: RHB Jonathan MacVey
|
0-0: Fly out, F9 (Flyball, 9)
|
Batting: LHB Nathan Frey
|
0-0: Ground out 1-3 (Groundball, 13)
|
Top of the 3rd over - 0 run(s), 1 hit(s), 0 error(s), 3 left on base; Las Vegas 3 - Santa Monica 3 |
BOTTOM OF THE 3RD |
Santa Monica Bruins batting - Pitching for Las Vegas Stars : RHP Dema Mitenkov
|
Batting: LHB Ken Phillips
|
0-0: Ball 1-0: SINGLE (Flyball, 9S) - OUT at second base trying to stretch hit.
|
Batting: SHB Ken Hernández
|
0-0: Ball 1-0: Foul Ball, location: 2F 1-1: Ball 2-1: Foul Ball, location: 2F 2-2: Foul Ball, location: 2F 2-2: Fly out, F6 (Line Drive, 6M)
|
Batting: RHB Jake Reeves
|
0-0: Ball 1-0: Ball 2-0: Ball 3-0: Base on Balls
|
Batting: SHB Adrián Nieto
|
0-0: Ball 1-0: Swinging Strike 1-1: Ball 2-1: Fly out, F7 (Line Drive, 7)
|
Bottom of the 3rd over - 0 run(s), 1 hit(s), 0 error(s), 1 left on base; Las Vegas 3 - Santa Monica 3 |
TOP OF THE 4TH |
Las Vegas Stars batting - Pitching for Santa Monica Bruins : RHP Armand Calazzo
|
Batting: RHB Bobby Miller
|
0-0: Swinging Strike 0-1: Ball 1-1: Fly out, F7 (Flyball, 7LSF)
|
Batting: SHB Júlio Salazar
|
0-0: Ground out U3 (Groundball, 34S)
|
Batting: RHB Pedro Mata
|
0-0: Called Strike 0-1: Fly out, F8 (Flyball, 8LS)
|
Top of the 4th over - 0 run(s), 0 hit(s), 0 error(s), 0 left on base; Las Vegas 3 - Santa Monica 3 |
BOTTOM OF THE 4TH |
Santa Monica Bruins batting - Pitching for Las Vegas Stars : RHP Dema Mitenkov
|
Batting: RHB Pablo Peña
|
0-0: Ball 1-0: Ball 2-0: Ball 3-0: Called Strike 3-1: Foul Ball, location: 2F 3-2: Base on Balls
|
Batting: RHB Fred Ameris
|
0-0: Ground out 5-3 (Groundball, 5S) Pablo Peña to second
|
Batting: RHB Ernest Russell
|
0-0: Ball 1-0: Foul Ball, location: 2F 1-1: Ball 2-1: SINGLE (Line Drive, 7S) Pablo Peña to third
|
Batting: LHB Ethan Shaw
|
0-0: Ball 1-0: SINGLE (Groundball, 34D) Pablo Peña scores Ernest Russell to second Runner from 2nd tries for 3rd, SAFE, no throw
|
Batting: SHB Zach Franks
|
0-0: Ball Wild Pitch! Ernest Russell scores Ethan Shaw to second 1-0: SINGLE (Line Drive, 34) Ethan Shaw to third Runner from 3rd tries for Home, SAFE, no throw
|
Batting: LHB Ken Phillips
|
0-0: Ball Zach Franks steals 2nd base 1-0: Ground out 4-3 (Groundball, 4S) Zach Franks to third
|
Batting: SHB Ken Hernández
|
0-0: Ball 1-0: Ball 2-0: Ball 3-0: Called Strike 3-1: Ground out 4-3 (Groundball, 4)
|
Bottom of the 4th over - 3 run(s), 3 hit(s), 0 error(s), 1 left on base; Las Vegas 3 - Santa Monica 6 |
TOP OF THE 5TH |
Las Vegas Stars batting - Pitching for Santa Monica Bruins : RHP Armand Calazzo
|
Batting: LHB Paco Rivera
|
0-0: Foul Ball, location: 2F 0-1: Called Strike 0-2: Ball 1-2: Ball 2-2: Ball 3-2: Fly out, F7 (Line Drive, 78S)
|
Batting: SHB Sloan James
|
0-0: Ball 1-0: Ball 2-0: Called Strike 2-1: Swinging Strike 2-2: Ball 3-2: Strikes out swinging
|
Batting: LHB Clint Parkinson
|
0-0: Swinging Strike 0-1: Foul Ball, location: 2F 0-2: Ball 1-2: Strikes out swinging
|
Top of the 5th over - 0 run(s), 0 hit(s), 0 error(s), 0 left on base; Las Vegas 3 - Santa Monica 6 |
BOTTOM OF THE 5TH |
Santa Monica Bruins batting - Pitching for Las Vegas Stars : RHP Dema Mitenkov
|
Batting: RHB Jake Reeves
|
0-0: Swinging Strike 0-1: Ball 1-1: Ball 2-1: Ball 3-1: Base on Balls
|
Batting: SHB Adrián Nieto
|
0-0: Grounds into double play, 4-6-3 (Groundball, 4)
|
Batting: RHB Pablo Peña
|
0-0: Called Strike 0-1: SOLO HOME RUN (Flyball, 7D), Distance : 362 ft
|
Pitching: RHP Terry Adams
|
|
Batting: RHB Fred Ameris
|
0-0: Called Strike 0-1: Ball 1-1: Foul Ball, location: 2F 1-2: Ball 2-2: Ground out 5-3 (Groundball, 56)
|
Bottom of the 5th over - 1 run(s), 1 hit(s), 0 error(s), 0 left on base; Las Vegas 3 - Santa Monica 7 |
TOP OF THE 6TH |
Las Vegas Stars batting - Pitching for Santa Monica Bruins : RHP Armand Calazzo
|
Batting: RHB Brandon Pope
|
0-0: Foul Ball, location: 2F 0-1: Ground out 1-3 (Groundball, 15S)
|
Batting: RHB Jonathan MacVey
|
0-0: Ball 1-0: Ball 2-0: Swinging Strike 2-1: Ground out 5-3 (Groundball, 5)
|
Batting: LHB Nathan Frey
|
0-0: Ball 1-0: Ball 2-0: Ball 3-0: Called Strike 3-1: Foul Ball, location: 2F 3-2: Foul Ball, location: 2F 3-2: Foul Ball, location: 2F 3-2: Base on Balls
|
Batting: RHB Bobby Miller
|
0-0: Swinging Strike 0-1: Called Strike 0-2: Foul Ball, location: 2F 0-2: Foul Ball, location: 2F 0-2: Ball 1-2: Strikes out swinging
|
Top of the 6th over - 0 run(s), 0 hit(s), 0 error(s), 1 left on base; Las Vegas 3 - Santa Monica 7 |
BOTTOM OF THE 6TH |
Santa Monica Bruins batting - Pitching for Las Vegas Stars : RHP Terry Adams
|
Batting: RHB Ernest Russell
|
0-0: SINGLE (Line Drive, 89M)
|
Batting: LHB Ethan Shaw
|
0-0: Called Strike 0-1: Ball 1-1: Foul Ball, location: 2F 1-2: Grounds into double play, 4-6-3 (Groundball, 34)
|
Batting: SHB Zach Franks
|
0-0: Ball 1-0: Fly out, F6 (Popup, 56D)
|
Bottom of the 6th over - 0 run(s), 1 hit(s), 0 error(s), 0 left on base; Las Vegas 3 - Santa Monica 7 |
TOP OF THE 7TH |
Las Vegas Stars batting - Pitching for Santa Monica Bruins : RHP Armand Calazzo
|
Pitching: RHP Rick Hernández
|
|
Batting: SHB Júlio Salazar
|
0-0: Swinging Strike 0-1: Ground out 4-3 (Groundball, 4)
|
Batting: RHB Pedro Mata
|
0-0: SINGLE (Line Drive, 8RS)
|
Batting: LHB Paco Rivera
|
0-0: Ball 1-0: Grounds into double play, 4-6-3 (Groundball, 4M)
|
Top of the 7th over - 0 run(s), 1 hit(s), 0 error(s), 0 left on base; Las Vegas 3 - Santa Monica 7 |
BOTTOM OF THE 7TH |
Santa Monica Bruins batting - Pitching for Las Vegas Stars : RHP Terry Adams
|
Batting: LHB Ken Phillips
|
0-0: Called Strike 0-1: Ball 1-1: Foul Ball, location: 2F 1-2: Strikes out swinging
|
Batting: SHB Ken Hernández
|
0-0: Ball 1-0: Ball 2-0: Foul Ball, location: 2F 2-1: Foul Ball, location: 2F 2-2: Strikes out swinging
|
Batting: RHB Jake Reeves
|
0-0: Called Strike 0-1: Foul Ball, location: 2F 0-2: Foul Ball, location: 2F 0-2: Foul Ball, location: 2F 0-2: Ball 1-2: SOLO HOME RUN (Flyball, 7LD), Distance : 350 ft
|
Batting: SHB Adrián Nieto
|
0-0: Called Strike 0-1: Ball 1-1: Ball 2-1: Ball 3-1: Ground out 4-3 (Groundball, 4M)
|
Bottom of the 7th over - 1 run(s), 1 hit(s), 0 error(s), 0 left on base; Las Vegas 3 - Santa Monica 8 |
TOP OF THE 8TH |
Las Vegas Stars batting - Pitching for Santa Monica Bruins : RHP Rick Hernández
|
Batting: SHB Sloan James
|
0-0: Called Strike 0-1: Ball 1-1: Foul Ball, location: 2F 1-2: Ball 2-2: Ground out 4-3 (Groundball, 4M)
|
Batting: LHB Clint Parkinson
|
0-0: Called Strike 0-1: Ball 1-1: Ball 2-1: Ground out U3 (Groundball, 34)
|
Batting: RHB Brandon Pope
|
0-0: Foul Ball, location: 2F 0-1: Called Strike 0-2: Strikes out looking
|
Top of the 8th over - 0 run(s), 0 hit(s), 0 error(s), 0 left on base; Las Vegas 3 - Santa Monica 8 |
BOTTOM OF THE 8TH |
Santa Monica Bruins batting - Pitching for Las Vegas Stars : RHP Terry Adams
|
Batting: RHB Pablo Peña
|
0-0: Called Strike 0-1: Ball 1-1: Ball 2-1: Ball 3-1: Called Strike 3-2: SOLO HOME RUN (Flyball, 7D), Distance : 358 ft
|
Pitching: RHP Pepe Vázquez
|
|
Batting: RHB Fred Ameris
|
0-0: Foul Ball, location: 2F 0-1: DOUBLE (Groundball, 5L)
|
Batting: RHB Ernest Russell
|
0-0: Called Strike 0-1: Foul Ball, location: 2F 0-2: Ground out 6-3 (Groundball, 6S) Fred Ameris to third
|
Batting: LHB Ethan Shaw
|
0-0: Ground out 6-3 (Groundball, 6) Fred Ameris scores
|
Batting: SHB Zach Franks
|
0-0: Called Strike 0-1: Ball 1-1: Swinging Strike 1-2: Ball 2-2: Strikes out swinging
|
Bottom of the 8th over - 2 run(s), 2 hit(s), 0 error(s), 0 left on base; Las Vegas 3 - Santa Monica 10 |
TOP OF THE 9TH |
Las Vegas Stars batting - Pitching for Santa Monica Bruins : RHP Rick Hernández
|
Batting: RHB Jonathan MacVey
|
0-0: Called Strike 0-1: Foul Ball, location: 2F 0-2: Strikes out swinging
|
Batting: LHB Nathan Frey
|
0-0: Ball 1-0: Foul Ball, location: 2F 1-1: Ball 2-1: Foul Ball, location: 2F 2-2: Foul Ball, location: 2F 2-2: Ball 3-2: SOLO HOME RUN (Line Drive, 89XD), Distance : 406 ft
|
Batting: RHB Bobby Miller
|
0-0: Ball 1-0: Ball 2-0: Foul Ball, location: 2F 2-1: Swinging Strike 2-2: Foul Ball, location: 2F 2-2: Ground out 6-3 (Groundball, 6)
|
Batting: SHB Júlio Salazar
|
0-0: SINGLE (Groundball, 34D)
|
Batting: RHB Pedro Mata
|
0-0: Ground out 6-3 (Groundball, 56)
|
Top of the 9th over - 1 run(s), 2 hit(s), 0 error(s), 1 left on base; Las Vegas 4 - Santa Monica 10 |
|